 Dungeon Crawl Stone Soup version 0.17-a0-1572-g7a1422d (console) character file.

1087 FIQ the Basher (level 8, 0/88 HPs)
             Began as an Ogre Wanderer on July 26, 2015.
             Was an Initiate of Okawaru.
             Slain by a giant frog zombie (3 damage)
             ... on level 6 of the Dungeon.
             The game lasted 00:13:30 (3977 turns).

FIQ the Basher (Ogre Wanderer)                      Turns: 3977, Time: 00:13:32

Health: 0/88       AC:  4    Str: 18    XL:     8   Next: 30%
Magic:  15/17      EV: 13    Int: 12    God:    Okawaru [......]
Gold:   236        SH:  0    Dex: 10    Spells: 0 memorised, 7 levels left

rFire  . . .     SeeInvis .     j - +0 giant club
rCold  . . .     Rnd*Rage +     b - +1 robe
rNeg   . . .     SustAt   .     (no shield)
rPois  +         Gourm    .     (helmet restricted)
rElec  .         Spirit   .     (no cloak)
rCorr  .         Warding  .     (gloves unavailable)
rMut   .         Stasis   .     (boots unavailable)
MR     .....                    (no amulet)
Stlth  +++.......               e - ring of magical power
                                k - ring of stealth

@: heroism, not resistant to hostile enchantments, fairly stealthy
A: unfitting armour, berserk 2, poison resistance, tough skin 1
a: Renounce Religion


You were on level 6 of the Dungeon.
You worshipped Okawaru.
Okawaru was noncommittal.
You were hungry.

You visited 1 branch of the dungeon, and saw 7 of its levels.

You collected 236 gold pieces.

Inventory:

Hand weapons
 j - a +0 giant club (weapon)
Armour
 b - a +1 robe (worn)
Jewellery
 e - a ring of magical power (right hand)
 k - a ring of stealth (left hand)
 m - an uncursed ring of positive energy {unknown}
Magical devices
 l - a wand of polymorph (13)
 p - a wand of random effects (48)
Scrolls
 f - a scroll of amnesia {unknown}
 n - a scroll of recharging
 q - 4 scrolls of remove curse
Comestibles
 c - a chunk of flesh
 d - 2 bread rations
 g - 2 meat rations
 h - 3 beef jerkies
 i - a slice of pizza
 r - a fruit


   Skills:
 - Level 7.9(12.9) Fighting
 * Level 10.0(15.0) Maces & Flails
 - Level 2.1(7.1) Throwing
 + Level 5.0(10.0) Dodging
 + Level 0.0 Invocations


You had 7 spell levels left.
You didn't know any spells.

Dungeon Overview and Level Annotations

Branches:
Dungeon (7/15)
 Temple: D:4-7

Altars:
Ashenzari
Okawaru
Ru
Vehumet
Zin

Annotations:
D:4 Sigmund


Innate Abilities, Weirdness & Mutations

You are too large for most types of armour.
You have tough skin (AC +1).
You often lose your temper in combat.
Your system is resistant to poisons.


Message History

The bat barely misses you. The giant frog zombie hits you.
* * * LOW HITPOINT WARNING * * *
The bat completely misses you.
You sock the giant frog zombie! The bat hits you.
* * * LOW HITPOINT WARNING * * *
The giant frog zombie completely misses you.
You hear a distant slurping noise.
You barely miss the giant frog zombie. The bat hits you but does no damage.
The giant frog zombie barely misses you.
You closely miss the orc warrior. The bat barely misses you.
The giant frog zombie closely misses you.
The orc warrior hits you with a long sword!
* * * LOW HITPOINT WARNING * * *
You barely miss the orc warrior.
The giant frog zombie barely misses you.
The bat misses you.
The orc warrior hits you with a long sword!
* * * LOW HITPOINT WARNING * * *
The giant frog zombie hits you.
You die...

.. ..#.....†# . .#
#'.....†'
......#......#
#.#.#.#.#.#.##......#
#.............#......
#.#.#.#.#.#.#.'......
.............#......
##.#.#.#.#.##o...#'#
#...........#....'.'
##b#o#.#.#.##....#.#
#..@o............###
##.#Z#.#.#.#.###....
#............# #....
##.#.#.#.#.### #....
########### .... ..


You could see an orc warrior, an orc, a giant frog zombie and a bat.

Vanquished Creatures
  Menkaure (D:7)
  An ogre (D:4)
  4 giant frogs
  A water moccasin zombie (D:7)
  A crimson imp (D:6)
  2 orc priests
  2 jellies (D:6)
  3 orc wizards
  A giant frog skeleton (D:4)
  A hound (D:6)
  3 worker ants
  7 adders
  A gnoll (D:1)
  An ooze (D:1)
  3 worms
  A giant gecko (D:1)
  15 orcs
  A bat skeleton (D:4)
  3 giant cockroaches
  17 goblins
  12 hobgoblins
  7 jackals
  2 quokkas
  2 ball pythons
  4 bats
  7 giant newts
  7 kobolds
  9 rats
119 creatures vanquished.

Notes
Turn   | Place    | Note
--------------------------------------------------------------
     0 | D:1      | FIQ the Ogre Wanderer began the quest for the Orb.
     0 | D:1      | FIQ set off with: a +2 mace, a +0 robe, a potion of curing, a bread ration
     0 | D:1      | Reached XP level 1. HP: 32/32 MP: 1/1
    50 | D:1      | Reached XP level 2. HP: 19/41 MP: 2/2
   178 | D:1      | Reached XP level 3. HP: 26/48 MP: 3/3
  1174 | D:2      | Reached XP level 4. HP: 53/57 MP: 4/4
  1572 | D:3      | Found a radiant altar of Vehumet.
  1600 | D:3      | Found a sacrificial altar of Ru.
  1948 | D:3      | Reached skill level 5 in Maces & Flails
  1948 | D:3      | Reached XP level 5. HP: 38/63 MP: 5/5
  2134 | D:3      | Found a shattered altar of Ashenzari.
  2267 | D:3      | Found a glowing silver altar of Zin.
  2597 | D:4      | Reached XP level 6. HP: 25/72 MP: 6/6
  2816 | D:4      | Gained mutation: Your system is resistant to poisons. [potion of mutation]
  2816 | D:4      | Gained mutation: You tend to lose your temper in combat. [potion of mutation]
  2816 | D:4      | Gained mutation: You often lose your temper in combat. [potion of mutation]
  2971 | D:4      | Noticed an ogre
  2982 | D:4      | Killed an ogre
  3047 | D:4      | Noticed Sigmund
  3097 | D:5      | Entered Level 5 of the Dungeon
  3152 | D:5      | You fall through a shaft for 2 floors!
  3219 | D:7      | Reached XP level 7. HP: 68/79 MP: 7/7
  3235 | D:7      | Noticed Menkaure
  3240 | D:7      | Killed Menkaure
  3240 | D:7      | Reached skill level 8 in Maces & Flails
  3284 | D:7      | Found an iron altar of Okawaru.
  3295 | D:7      | Became a worshipper of Warmaster Okawaru
  3555 | D:6      | Reached skill level 9 in Maces & Flails
  3596 | D:6      | Reached XP level 8. HP: 81/88 MP: 8/8
  3929 | D:6      | Acquired Okawaru's first power
  3929 | D:6      | Reached skill level 10 in Maces & Flails
  3929 | D:6      | Reached skill level 5 in Dodging
  3977 | D:6      | HP: 3/88 [orc warrior/long sword (7)]
  3977 | D:6      | Slain by a giant frog zombie

Vault maps used:
D:1:      nagdon_arrival_zigzag_paths, roderic_lattice_a
D:3:      lemuel_crystal_altar, nicolae_ru_sacrificial_ziggurat, zin_statuary,
          first_bread, nicolae_ashenzari_panopticon
D:4:      kennysheep_cluttered_room, uniq_sigmund
D:5:      gammafunk_temple_overflow_forgotten, gammafunk_temple_overflow_wave,
          enter_ossuary_2
D:6:      minmay_temple_entry_junction, minmay_misc_feat_plants, st_stairs_11,
          kennysheep_another_room
D:7:      lemuel_ice_spiral_2, okawaru_metal_pillars_3, grunt_livestock,
          corexii_checkpoint_a, minmay_misc_feat_ornament, uniq_menkaure

Action                   |  1- 3 |  4- 6 |  7- 9 || total
-------------------------+-------+-------+-------++-------
Melee: Mace              |    86 |   175 |       ||   261
       Giant club        |       |    17 |    82 ||    99
Invok: Heroism           |       |       |     1 ||     1
  Use: Scroll            |     3 |     6 |       ||     9
       Potion            |       |     8 |     1 ||     9
 Stab: Sleeping          |     2 |     3 |       ||     5
       Distracted        |       |       |     1 ||     1
  Eat: Chunk             |       |     9 |     3 ||    12
